 Dungeon Crawl Stone Soup version 0.27-a0-262-gc50aac273e (webtiles) character file.

Game seed: 16175661731982766847

51 kae the Ruffian (level 3, -2/29 HPs)
             Began as a Draconian Transmuter on Feb 4, 2021.
             Splashed by a jelly's acid (5 damage)
             ... on level 3 of the Dungeon.
             The game lasted 00:00:36 (2160 turns).

kae the Ruffian (Draconian Transmuter)              Turns: 2160, Time: 00:00:37

Health: -2/29      AC:  1    Str: 13    XL:     3   Next: 58%
Magic:  5/6        EV: 12    Int: 13    God:
Gold:   94         SH:  0    Dex: 11    Spells: 5/6 levels left

rFire    . . .     SeeInvis .     - Unarmed
rCold    . . .     Faith    .   (no shield)
rNeg     . . .     Spirit   .   (armour unavailable)
rPois    .         Reflect  .   (helmet currently unavailable)
rElec    .         Harm     .   (no cloak)
rCorr    .         Rampage  .   (no gloves)
Will     .....                  (boots currently unavailable)
Stlth    +.........             (no amulet)
HPRegen  0.09/turn              (no ring)
MPRegen  0.10/turn              (no ring)

@: appendages, corroded
A: unfitting armour, horns 2, talons 2, cold-blooded, AC +5
a: End Transformation


You were on level 3 of the Dungeon.
You had grown temporary horns.
You had grown temporary talons.
You visited 1 branch of the dungeon, and saw 3 of its levels.

You collected 94 gold pieces.

Inventory:

Jewellery
 b - a +4 ring of evasion {unknown}
Scrolls
 a - 3 scrolls of identify {unknown}
 e - 2 scrolls of teleportation {unknown}
 f - a scroll of blinking {unknown}
Potions
 c - 2 potions of curing {unknown}
 d - a potion of haste {unknown}


   Skills:
 + Level 1.7 Fighting
 + Level 2.2 Dodging
 * Level 3.6 Unarmed Combat
 + Level 2.3 Spellcasting
 + Level 2.3 Transmutations


You had 5 spell levels left.
You knew the following spells:

 Your Spells              Type           Power        Failure   Level
a - Beastly Appendage     Tmut           14%          10%         1

Your spell library contained the following spells:

 Spells                   Type           Power        Failure   Level
 Wereblood                Tmut           7%           14%         2
 Magic Dart               Conj           4%           26%         1
 Spider Form              Tmut/Pois      2%           41%         3
 Ice Form                 Ice/Tmut       4%           83%         4
 Blade Hands              Tmut           3%           95%         5


Dungeon Overview and Level Annotations

Branches:
Dungeon (3/15)

Altars:
Kikubaaqudgha
Sif Muna
Vehumet


Innate Abilities, Weirdness & Mutations

Your plain brown scales are hard. (AC +5)
You cannot fit into any form of body armour.
You are cold-blooded and may be slowed by cold attacks.
You have a pair of horns on your head.
You have razor-sharp toenails.


Message History

The jelly hits you.
You are splashed with acid!
A jelly is nearby!
You are too injured to fight recklessly!
You are too injured to fight recklessly!
A jelly is nearby!
Casting: Beastly Appendage (safe; 10% risk of failure)
Confirm with . or Enter, or press ? or * to list all spells.
You grow a pair of large bovine horns.
Your feet morph into talons.
The jelly hits you.
You are splashed with acid!
* * * LOW HITPOINT WARNING * * *
The jelly hits you but does no damage.
You are too injured to fight recklessly!
You are too injured to fight recklessly!
A jelly is nearby!
You are too injured to fight recklessly!
You are too injured to fight recklessly!
You are too injured to fight recklessly!
You are too injured to fight recklessly!
You hit the jelly. The acid corrodes you!
Your hands burn!
You die...

#(.†...#
#.####.#
#.####.#
#.#....#
###.#.####
#...#.#
#.###.#
#.# #.#
#@# #.#
#J# #.#
#.# #.#
#.#
#.######
).#
#......#
###
######.#
#<# ###


You could see a jelly.

Vanquished Creatures
  An adder (D:2)
  A worm (D:3)
  A dart slug (D:2)
  2 bats
  5 giant cockroaches
  A goblin (D:1)
  9 hobgoblins
  2 jackals (D:1)
  2 kobolds (D:2)
  A frilled lizard (D:3)
  10 rats
35 creatures vanquished.

Notes
Turn   | Place    | Note
-------+----------+-------------------------------------------
     0 | D:1      | kae the Draconian Transmuter began the quest for the Orb.
     0 | D:1      | Reached XP level 1. HP: 16/16 MP: 3/3
   497 | D:1      | Reached XP level 2. HP: 22/23 MP: 3/5
  1368 | D:2      | Reached XP level 3. HP: 16/28 MP: 4/6
  1627 | D:2      | Found an ancient bone altar of Kikubaaqudgha.
  1649 | D:2      | Found a shimmering blue altar of Sif Muna.
  1650 | D:2      | Found a radiant altar of Vehumet.
  1656 | D:2      | Identified Vehumet's Disquisition on Damage Dealing
  2160 | D:3      | Splashed by a jelly's acid

Illustrated notes

Levels and vault maps discovered:
D:1:      psy_arrival_radial02, layout_basic, minivault_27
D:2:      layout_loops_ring, grunt_temple_overflow_magic_moments
D:3:      layout_basic, chequers_jeans, uniq_robin, uniq_sigmund, uniq_natasha

Skill      XL: |  1  2 |
---------------+-------+-----
Dodging        | 2 |  2.2
Fighting       | |  1.7
Unarmed Combat | |  3.6
Spellcasting   | |  2.3
Transmutations | |  2.3

Action                   || total
-------------------------++-------
Melee: Unarmed           ||   103
       Kick              ||    21
       Headbutt          ||     6
       Tailslap          ||     8
       Punch             ||     2
 Cast: Beastly Appendage ||    26
Armor: Skin              ||    24
Dodge: Dodged            ||    79

Table legend: (Time is in decaauts)
 A = Elapsed time spent in this place.
 B = Non-inter-level travel time spent in this place.
 C = Inter-level travel time spent in this place.
 D = Time resting spent in this place.
 E = Time spent auto-exploring this place.
 F = Levels seen in this place.
 G = Mean time per level.
                   A        B        C        D        E       F      G
               +--------+--------+--------+--------+--------+-----+--------+
         Total |   2152 |   2098 |     54 |      6 |   1837 |   3 |  717.3 |
       Dungeon |   2152 |   2098 |     54 |      6 |   1837 |   3 |  717.3 |
               +--------+--------+--------+--------+--------+-----+--------+

Top non-repeatable levels by time:
     D:1: 1253 daAuts
     D:2: 842 daAuts
     D:3: 57 daAuts
